Map: Prion Terraces

Players

Nano

  • Race: Terran Terran
  • League: Bronze

Berserk - Winner!

  • Race: Protoss Protoss
  • League: Silver

VOD

Have the link to the VOD?

Description

Time

  • Played on: Feb. 11, 2016, 5:50 a.m.
  • Length: 9:41
Show
View Real Time Build Order
Export as new Build Order

Nano Terran 

Build Orders: MMM Bio 

Get SALT Encoding   

  13  0:07  SCV  
  13  0:19  SCV  
  14  0:30  Supply Depot  
  14  0:31  SCV  
  15  0:46  Supply Depot  
  15  0:52  SCV  
  15  0:56  Barracks  
  16  1:05  SCV  
  17  1:19  SCV  
  18  1:36  SCV  
  18  1:37  Refinery  
  19  1:43  Marine  
  20  2:07  SCV  
  21  2:15  Command Center  
  21  2:18  Barracks  
  21  2:20  Barracks  
  21  2:29  SCV  
  22  2:41  SCV  
  23  2:53  Marine  
  24  3:00  Factory  
  24  3:10  Barracks Tech Lab  
  24  3:15  SCV  
  24  3:16  Marine  
  24  3:17  Refinery, Marine  
  27  3:36  SCV x2  
  29  3:42  Barracks Tech Lab  
  29  3:56  Marauder  
  29  3:57  Barracks Reactor  
  29  3:58  Factory Tech Lab  
  29  3:59  Barracks Tech Lab  
  31  4:11  Orbital Command  
  31  4:14  SCV  
  32  4:23  Marine x2  
  34  4:26  Cyclone  
  37  4:34  Marine  
  37  4:35  Marine  
  39  4:44  SCV x2  
  41  4:45  Marine x2  
  43  4:58  Marine x2  
  45  5:09  Marine  
  45  5:10  Supply Depot  
  46  5:19  Supply Depot  
  46  5:31  Cyclone, Marine x4, SCV  
  46  5:35  Supply Depot  
  54  5:40  SCV  
  55  5:54  SCV x2  
  55  5:55  Marine x2  
  55  5:56  Marine x2  
  61  6:09  Supply Depot  
  61  6:16  Engineering Bay  
  61  6:17  Marine x3  
  61  6:18  Marine  
  65  6:20  Stimpack  
  65  6:21  Combat Shields  
  65  6:29  Orbital Command  
  65  6:31  SCV  
  29  7:02  Missile Turret  
  29  7:05  Missile Turret  
  24  7:36  SCV  
  26  7:37  SCV  
  26  7:39  Marine x2  
  26  7:40  Marine x2  
  26  7:42  Cyclone  
  33  7:54  SCV  
  34  8:11  Missile Turret  
  34  8:36  SCV, Command Center  
  34  8:39  Marine  
  34  8:40  Marine x3  
  39  8:44  Cyclone  
  42  8:48  SCV  
  43  9:00  SCV  
Show
View Real Time Build Order
Export as new Build Order

Berserk Protoss - Winner!

Build Orders: 1 Gate Expand 

Get SALT Encoding   

  12  0:02  Probe (Chrono Boost)  
  13  0:12  Probe (Chrono Boost)  
  14  0:18  Pylon  
  14  0:23  Probe (Chrono Boost)  
  15  0:36  Probe (Chrono Boost)  
  15  0:42  Gateway  
  16  0:47  Probe (Chrono Boost)  
  16  0:48  Assimilator  
  17  0:57  Probe (Chrono Boost)  
  18  1:08  Probe (Chrono Boost)  
  19  1:22  Nexus  
  19  1:30  Cybernetics Core  
  19  1:33  Assimilator  
  19  1:37  Probe (Chrono Boost)  
  20  1:43  Pylon  
  20  1:50  Assimilator  
  20  1:55  Probe (Chrono Boost)  
  21  2:11  Probe (Chrono Boost)  
  22  2:19  Warp Gate  
  22  2:21  Probe (Chrono Boost)  
  23  2:30  Pylon  
  23  2:32  Probe (Chrono Boost)  
  24  2:37  Probe (Chrono Boost)  
  24  2:43  Mothership Core (Chrono Boost)  
  27  2:47  Assimilator  
  27  2:48  Probe (Chrono Boost)  
  28  2:58  Probe (Chrono Boost)  
  28  3:01  Probe (Chrono Boost)  
  30  3:07  Pylon  
  30  3:09  Probe (Chrono Boost)  
  30  3:11  Probe (Chrono Boost)  
  32  3:15  Nexus  
  33  3:20  Probe (Chrono Boost)  
  33  3:22  Probe (Chrono Boost)  
  34  3:28  Twilight Council  
  34  3:32  Probe (Chrono Boost)  
  35  3:38  Robotics Facility  
  35  3:40  Probe (Chrono Boost)  
  36  3:45  Probe (Chrono Boost)  
  37  3:51  Probe (Chrono Boost)  
  37  3:54  Assimilator  
  38  3:56  Probe (Chrono Boost)  
  38  4:01  Probe (Chrono Boost)  
  40  4:04  Pylon  
  40  4:06  Probe (Chrono Boost)  
  40  4:08  Dark Shrine  
  41  4:13  Pylon  
  41  4:15  Gateway  
  41  4:18  Probe x2 (Chrono Boost)  
  43  4:28  Probe x2 (Chrono Boost)  
  43  4:29  Gateway  
  44  4:32  Probe (Chrono Boost)  
  44  4:37  Observer  
  46  4:39  Probe (Chrono Boost)  
  46  4:41  Gateway  
  46  4:42  Gateway  
  46  4:43  Probe (Chrono Boost)  
  46  4:44  Probe (Chrono Boost)  
  49  4:53  Pylon  
  49  4:56  Resonating Glaives  
  49  4:59  Probe (Chrono Boost)  
  50  5:03  Probe x2 (Chrono Boost)  
  50  5:05  Pylon, Warp Prism  
  54  5:09  Probe (Chrono Boost)  
  55  5:18  Assimilator  
  55  5:19  Probe (Chrono Boost)  
  56  5:21  Assimilator  
  56  5:24  Pylon x2  
  56  5:31  Forge  
  56  5:33  Pylon  
  56  5:34  Forge, Pylon  
  56  5:36  Probe (Chrono Boost)  
  56  5:39  Pylon  
  57  5:48  Probe x2 (Chrono Boost)  
  57  5:49  Probe (Chrono Boost)  
  60  5:59  Dark Templar x3  
  60  6:00  Dark Templar  
  68  6:06  Probe (Chrono Boost)  
  68  6:08  Sentry  
  69  7:04  Dark Templar  
  69  7:05  Dark Templar  
  71  7:34  Stalker x3  
  77  7:37  Charge (Chrono Boost)  
  77  7:39  Protoss Ground Weapons Level 1 (Chrono Boost), Protoss Ground Armor Level 1 (Chrono Boost)  
  75  8:22  Gateway  
  75  8:24  Gateway  
  75  8:27  Gateway  
  75  8:28  Gateway, Nexus  
  75  8:29  Gateway  
  75  8:32  Pylon  
  75  8:34  Robotics Bay  
  75  8:36  Robotics Facility  
  75  8:39  Pylon  
  75  8:40  Pylon  
  75  8:42  Dark Templar x2  
  75  9:39  Dark Templar  
  75  9:40  Dark Templar  
Tags
 
Add a new tag
Caveats
  • Supply blocks, unpowered buildings, or Contaminate may cause inaccurate times.
  • Supply counts are checked every 10 seconds.